 Dungeon Crawl Stone Soup version 0.23.2-33-g5129a83184 (webtiles) character file.

Game seed: 8187438259879455144

56 psyvane the Grave Robber (level 3, 0/27 (28) HPs)
             Began as a Ghoul Necromancer on July 3, 2019.
             Slain by a hobgoblin (1 damage)
             ... on level 3 of the Dungeon.
             The game lasted 00:15:46 (2078 turns).

psyvane the Grave Robber (Ghoul Necromancer)        Turns: 2078, Time: 00:15:46

HP:   0/27 (28)     AC:  2    Str: 11    XL:     3   Next: 97%
MP:   1/4           EV: 12    Int: 11    God:
Gold: 98            SH:  0    Dex:  9    Spells: 0/5 levels left

rFire    x . .     SeeInvis .   (no weapon)
rCold    + + .     Gourm    .   (no shield)
rNeg     + + +     Faith    .   a - +0 robe
rPois    ∞         Spirit   .   (no helmet)
rElec    .         Reflect  .   (no cloak)
rCorr    .         Harm     .   (no gloves)
MR       .....                  (no boots)
Stlth    ++........             (no amulet)
HPRegen  0.00/turn              h - ring of ice
MPRegen  0.09/turn              (no ring)

@: rotting
A: rotting body, claws 1, carnivore, cold resistance 1, negative energy
resistance 3, inhibited regeneration, torment resistance, unbreathing
a: no special abilities


You were on level 3 of the Dungeon.
You were not hungry.

You visited 1 branch of the dungeon, and saw 3 of its levels.

You collected 98 gold pieces.

Inventory:

Armour
 a - a +0 robe (worn)
Jewellery
 h - a ring of ice (left claw)
Scrolls
 d - a scroll of identify {unknown}
 g - a scroll of enchant armour {unknown}
 n - 2 scrolls of remove curse {unknown}
Potions
 b - a potion of haste {unknown}
 e - 2 potions of might {unknown}
 i - a potion of heal wounds {unknown}
 j - a potion of agility {unknown}
 k - 3 potions of curing
 l - a potion of invisibility {unknown}
 m - a potion of brilliance {unknown}
Comestibles
 c - 4 rations


   Skills:
 * Level 1.0 Fighting
 - Level 1.7 Dodging
 - Level 2.1 Stealth
 - Level 1.7 Spellcasting
 * Level 5.3 Necromancy


You couldn't memorise any spells.
You knew the following spells:

 Your Spells              Type           Power        Failure   Level  Hunger
a - Pain                  Necr           ##..         3%          1    ##.....
b - Animate Skeleton      Necr           N/A          3%          1    ##.....
c - Regeneration          Chrm/Necr      #.........   30%         3    ####...

Your spell library contained the following spells:

 Spells                   Type           Power        Failure   Level  Hunger
 Vampiric Draining        Necr           ##........   10%         3    ####...
 Animate Dead             Necr           N/A          32%         4    #####..


Dungeon Overview and Level Annotations

Branches:
Dungeon (3/15)

Altars:
Xom


Innate Abilities, Weirdness & Mutations

Your body is rotting away.
You thrive on raw meat.
You are immune to poison.
You have sharp fingernails.
You are carnivorous and can eat meat at any time.
Your flesh is cold resistant. (rC+)
You are immune to negative energy. (rN+++)
You do not regenerate when monsters are visible.
You are immune to unholy pain and torment.
You can survive without breathing.


Message History

The hobgoblin hits you.
* * * LOW HITPOINT WARNING * * *
You closely miss the adder.
The adder is severely wounded.
The adder misses you. The hobgoblin hits you.
* * * LOW HITPOINT WARNING * * *
You miss the adder.
The adder is severely wounded.
The adder barely misses you. The hobgoblin closely misses you.
The adder barely misses you.
You miss the adder.
The adder is severely wounded.
The adder bites you but does no damage. The hobgoblin hits you.
* * * LOW HITPOINT WARNING * * *
You closely miss the adder.
The adder is severely wounded.
The adder bites you.
* * * LOW HITPOINT WARNING * * *
The hobgoblin hits you.
You die...

### ######## ##(##
#..S@g.#
##.#.####.####.#######
#.###.......##........
##.#.####.#.##..#####.
####.....# #.#)##..#
#........# #.......#
#.##.#...# ###.....#
#.##.....# #######
#.##.##..#


You could see an adder and a hobgoblin.

Vanquished Creatures
  An ooze (D:2)
  A worm (D:3)
  2 leopard geckos
  An orc (D:3)
  4 bats
  4 giant cockroaches
  3 goblins
  7 hobgoblins
  6 jackals
  3 quokkas (D:2)
  A frilled lizard (D:3)
  2 kobolds
  3 rats
38 creatures vanquished.

Notes
Turn   | Place    | Note
-------+----------+-------------------------------------------
     0 | D:1      | psyvane the Ghoul Necromancer began the quest for the Orb.
     0 | D:1      | Reached XP level 1. HP: 14/14 MP: 2/2
     2 | D:1      | Learned a level 1 spell: Animate Skeleton
   456 | D:1      | Reached XP level 2. HP: 20/20 MP: 0/3
   908 | D:2      | Reached XP level 3. HP: 21/27 MP: 1/4
  1267 | D:3      | Reached skill level 5 in Necromancy
  1560 | D:3      | Learned a level 3 spell: Regeneration
  1587 | D:3      | Found a faded altar of an unknown god.
  1991 | D:3      | Reached skill level 1 in Fighting
  2000 | D:3      | Found a shimmering altar of Xom.
  2078 | D:3      | HP: 1/27 [adder (2)]
  2078 | D:3      | Slain by a hobgoblin

Skill      XL: |  1  2  3 |
---------------+----------+-----
Necromancy     | 5 |  5.3
Fighting       | 1 |  1.0
Dodging        | |  1.7
Stealth        | |  2.1
Spellcasting   | |  1.7

Action                   || total
-------------------------++-------
Melee: Unarmed           ||    73
 Cast: Pain              ||    78
       Animate Skeleton  ||     3
  Use: Scroll            ||     3
       Potion            ||     2
  Eat: Chunk             ||    11
Armor: Robe              ||    17
Dodge: Dodged            ||    90
